Wild vs Lightning

Created - 25 octobre 2019 at 16:59

Goals
1 2 3 OT1 SO T
Wild 0 1 3 0 1 4
Lightning 0 4 0 0 2 5
Shots
1 2 3 OT1 SO T
Wild 9 12 9 7 3 37
Lightning 6 16 3 4 3 29

1st period

No Goal

Penalties :
Kris Letang (MIW) for Holding (Minor) at 0:54, Colin Miller (TAM) for Hooking (Minor) at 14:42

2nd period

1. Lightning , Colin Miller 2 (Jon Marchessault 4, Carl Soderberg 4) at 1:28
2. Lightning , Tyler Seguin 4 (Michael Stone 1, Colin Miller 2) at 3:36
3. Lightning , Nicolas Deslauriers 1 (Ryan Nugent-Hopkins 3, Nick Foligno 2) at 4:13
4. Wild , Brad Marchand 4 (Brayden McNabb 3, Anton Khudobin) at 16:36
5. Lightning , Matt Cullen 2 (Nick Foligno 3, Ryan Dzingel 3) at 17:18 (PP)

Penalties :
Brad Marchand (MIW) for Hooking (Minor) at 7:39, Michael Stone (TAM) for Holding (Minor) at 11:37, Nick Foligno (TAM) for High sticking (Minor) at 15:13, Kris Letang (MIW) for Holding (Minor) at 15:50

3rd period

6. Wild , T.J. Oshie 2 (Jack Eichel 5, Brad Marchand 3) at 1:31
7. Wild , T.J. Oshie 3 (Kris Letang 5, Evgeny Kuznetsov 4) at 2:10 (PP)
8. Wild , Chris Tierney 3 (Marc Staal 2, William Nylander 1) at 5:03

Penalties :
Radko Gudas (TAM) for Roughing (Minor) at 1:34, Colin Miller (TAM) for Roughing (Minor) at 5:32, Kris Letang (MIW) for Hooking (Minor) at 7:55

Overtime #1

No Goal

Penalties :
No Penalty

Shootout

Wild, Jack Eichel - Stopped by Braden Holtby
Lightning, Tyler Seguin - Stopped by Anton Khudobin
Wild, Brad Marchand - Stopped by Braden Holtby
Lightning, Matt Cullen - Goal!
Wild, Evgeny Kuznetsov - Goal!
Lightning, Andrew Cogliano - Goal!

Penalties :
No Penalty

Goalie Stats

Anton Khudobin (MIW), 25 saves from 29 shots - (0,862), OTL, 2-0-3, 65:00 minutes
Braden Holtby (TAM), 33 saves from 37 shots - (0,892), W, 1-4-0, 65:00 minutes

Players Stats for Wild

Player Name              G  A  P  +/- PIM S  H  SB GA TA FO     MP     PP MP  PK MP  
------------------------------------------------------------------------------------
Adrian Kempe             0  0  0   0  0   1  2  0  0  0  0/0     8:04   0:00   0:00 
Brad Marchand            1  1  2   1  2   5  4  0  3  0  1/2    22:17   4:07   0:12 
Brayden McNabb           0  1  1   1  0   0  1  0  0  0  0/0    19:10   0:00   2:34 
Chris Tierney            1  0  1   0  0   5  1  0  1  0  7/13   14:11   0:00   3:22 
Christian Dvorak         0  0  0   0  0   2  1  1  2  0  3/4    10:21   0:00   2:17 
Evgeny Kuznetsov         0  1  1  -1  0   1  2  0  0  1  6/15   18:31   3:03   0:06 
Frank Vatrano            0  0  0  -2  0   2  5  0  0  0  2/5    17:33   3:57   0:00 
Jack Eichel              0  1  1   1  0   4  3  0  1  0  19/32  21:39   4:07   0:18 
Jakob Silfverberg        0  0  0  -2  0   6  0  0  1  0  0/2    20:57   3:03   3:28 
Jordan Greenway          0  0  0   0  0   0  1  0  0  0  0/0     8:32   0:10   0:00 
Kris Letang              0  1  1   0  6   3  1  1  0  1  0/0    20:17   3:33   0:00 
Lawson Crouse            0  0  0   0  0   0  0  0  0  0  0/0    11:47   0:00   2:17 
Marc Staal               0  1  1   0  0   0  2  3  0  0  0/0    24:14   0:00   3:29 
Michal Kempny            0  0  0  -1  0   0  2  0  1  1  0/0    17:07   3:36   2:34 
Ryan Suter               0  0  0   0  0   0  2  3  2  2  0/0    29:28   3:34   3:29 
Samuel Girard            0  0  0   0  0   0  2  1  0  1  0/0    15:08   3:36   0:00 
T.J. Oshie               2  0  2   2  0   8  1  0  1  0  0/0    19:03   3:03   0:06 
William Nylander         0  1  1   0  0   0  0  1  1  0  0/0     9:12   0:00   0:00 

Players Stats for Lightning

Player Name              G  A  P  +/- PIM S  H  SB GA TA FO     MP     PP MP  PK MP  
------------------------------------------------------------------------------------
Alexander True           0  0  0   0  0   0  1  0  0  0  2/4     5:26   0:00   0:00 
Andrej Sekera            0  0  0   2  0   0  2  1  0  2  0/0    24:10   3:49   5:20 
Andrew Cogliano          0  0  0   0  0   1  1  0  0  2  0/0    11:44   3:15   0:53 
Carl Soderberg           0  1  1   0  0   3  2  0  0  2  3/4    17:51   3:16   1:04 
Chris Wagner             0  0  0   0  0   4  4  0  0  0  4/12   23:42   2:41   4:40 
Colin Miller             1  1  2   0  4   1  0  0  0  0  0/0    18:36   2:14   0:31 
Johnny Boychuk           0  0  0  -3  0   1  3  1  0  0  0/0    23:41   2:14   2:29 
Jon Marchessault         0  1  1   0  0   2  0  0  2  0  0/0    15:37   2:41   0:03 
Matt Cullen              1  0  1  -2  0   2  1  0  2  1  1/2    15:23   2:47   1:47 
Michael Stone            0  1  1   1  2   0  4  2  0  2  0/0    23:31   3:49   3:00 
Nick Foligno             0  2  2   2  2   3  1  2  0  1  7/12   23:29   0:06   4:06 
Nicolas Deslauriers      1  0  1   2  0   2  0  2  0  1  0/0    19:42   0:00   3:00 
Noah Hanifin             0  0  0   0  0   0  0  1  0  0  0/0     0:48   0:00   0:00 
Radko Gudas              0  0  0  -2  2   0  2  0  0  0  0/0    18:25   0:00   0:00 
Ryan Dzingel             0  1  1  -2  0   3  0  1  0  2  1/3    15:58   3:22   1:47 
Ryan Nugent-Hopkins      0  1  1   2  0   2  1  1  1  0  13/27  19:14   0:00   0:00 
Tyler Seguin             1  0  1   2  0   5  1  0  1  0  2/2    17:27   0:00   0:00 
Tyson Jost               0  0  0  -1  0   0  0  1  0  0  2/7    11:39   0:01   0:00 

3 Stars

1 - T.J. Oshie (MIW)
2 - Brad Marchand (MIW)
3 - Tyler Seguin (TAM)

Power Play

Wild - 1 on 5 Attempt(s) - 20,00%
Lightning - 1 on 4 Attempt(s) - 25,00%

Penalty Kill

Wild - 3 on 4 Attempt(s) - 75,00% - Score 0 goal in Penalty Kill
Lightning - 4 on 5 Attempt(s) - 80,00% - Score 0 goal in Penalty Kill

Team Stat

Wild - Hits : 30 - Faceoff Wins : 38 - Blocked Shots : 10 - Penalty Minutes : 8
Lightning - Hits : 23 - Faceoff Wins : 35 - Blocked Shots : 12 - Penalty Minutes : 10

Official

Referees : Tim Peel and Chris Lee
Linesman : Devin Berg and Shandor Alphonso

Game Notes

3:05 of 1st period - Lightning goal is going for a video replay. After video review, No Goal. The goalkeeper has been pushed into the net together with the puck after making a save.

Finance

Level 1 -- Attendance: 6000 (100,00%) -- Ticket Income 510 000 $
Level 2 -- Attendance: 3474 (69,48%) -- Ticket Income 260 550 $
Level 3 -- Attendance: 1134 (56,70%) -- Ticket Income 62 370 $
Level 4 -- Attendance: 1929 (48,23%) -- Ticket Income 77 160 $
Luxury Box -- Attendance: 986 (98,60%) -- Ticket Income 147 900 $
Game was played at the Tampa Baseball Stadium.
Total Attendance: 13523 (75,13%)
Total Ticket Income: 1 057 980 $
Other Income: 518 410 $
Total Income: 1 576 390 $

Wild

5 vs 5 Forward 
   Center                   Left Wing                Right Wing               Time % Phy DF OF 
 1 Jack Eichel              Brad Marchand            T.J. Oshie               35     0   2  3  
 2 Evgeny Kuznetsov         Frank Vatrano            Jakob Silfverberg        35     1   2  2  
 3 Chris Tierney            Lawson Crouse            William Nylander         16     1   2  2  
 4 Christian Dvorak         Jordan Greenway          Adrian Kempe             14     2   2  1  

5 vs 5 Defense 
   Defense                  Defense                                           Time % Phy DF OF 
 1 Ryan Suter               Marc Staal                                        40     1   2  2  
 2 Brayden McNabb           Kris Letang                                       35     1   2  2  
 3 Samuel Girard            Michal Kempny                                     25     1   2  2  
 4 Ryan Suter               Marc Staal                                        0      1   2  2  

PowerPlay Forward 
   Center                   Left Wing                Right Wing               Time % Phy DF OF 
 1 Jack Eichel              Brad Marchand            Frank Vatrano            60     0   1  4  
 2 Evgeny Kuznetsov         T.J. Oshie               Jakob Silfverberg        40     0   1  4  

PowerPlay Defense
   Defense                  Defense                                           Time % Phy DF OF 
 1 Ryan Suter               Kris Letang                                       50     0   1  4  
 2 Samuel Girard            Michal Kempny                                     50     0   1  4  

Penalty Kill 4 Players Forward 
   Center                   Wing                     Time % Phy DF OF 
 1 Chris Tierney            Jakob Silfverberg        55     1   4  0  
 2 Christian Dvorak         Lawson Crouse            45     1   4  0  

Penalty Kill 4 Players Defense
   Defense                  Defense                  Time % Phy DF OF 
 1 Ryan Suter               Marc Staal               55     1   4  0  
 2 Brayden McNabb           Michal Kempny            45     1   4  0  

Penalty Kill - 3 Players Forward 
   Forward                                           Time % Phy DF OF 
 1 Chris Tierney                                     60     0   5  0  
 2 Lawson Crouse                                     40     0   5  0  

Penalty Kill - 3 Players Defense
   Defense                  Defense                  Time % Phy DF OF 
 1 Ryan Suter               Marc Staal               60     0   5  0  
 2 Brayden McNabb           Michal Kempny            40     0   2  0  

4 vs 4 Forward 
   Center                   Wing                     Time % Phy DF OF 
 1 Jack Eichel              Brad Marchand            60     1   2  2  
 2 Evgeny Kuznetsov         T.J. Oshie               40     1   2  2  

4 vs 4 Defense
   Defense                  Defense                  Time % Phy DF OF 
 1 Ryan Suter               Marc Staal               60     1   2  2  
 2 Brayden McNabb           Kris Letang              40     1   2  2  

Last Minutes Offensive
   Center                   Left Wing                Right Wing               Defense                  Defense                  
   Jack Eichel              Brad Marchand            Evgeny Kuznetsov         Ryan Suter               Kris Letang              

Last Minutes Defensive
   Center                   Left Wing                Right Wing               Defense                  Defense                  
   Chris Tierney            Lawson Crouse            Jack Eichel              Brayden McNabb           Marc Staal               

Goaltenders
Starting : Anton Khudobin           
Backup : Linus Ullmark            

Extra Forwards
Normal : Jordan Greenway, Frank Vatrano, Lawson Crouse - PP : Jordan Greenway, Frank Vatrano - PK : Lawson Crouse
Extra Defensemen
Normal : Samuel Girard, Kris Letang, Brayden McNabb - PP : Samuel Girard - PK : Marc Staal, Brayden McNabb
Penalty Shots
Jack Eichel, Brad Marchand, Evgeny Kuznetsov, T.J. Oshie, Jakob Silfverberg
Custom OT Lines Forwards
Jack Eichel, Brad Marchand, Evgeny Kuznetsov, T.J. Oshie, Jakob Silfverberg, Chris Tierney, Frank Vatrano, Lawson Crouse, Adrian Kempe, William Nylander
Custom OT Lines Defensemen
Ryan Suter, Marc Staal, Brayden McNabb, Michal Kempny, Samuel Girard

Scratches
Anton Lindholm (Healthy)

Lightning

5 vs 5 Forward 
   Center                   Left Wing                Right Wing               Time % Phy DF OF 
 1 Ryan Nugent-Hopkins      Nick Foligno             Tyler Seguin             40     1   2  2  
 2 Chris Wagner             Jon Marchessault         Carl Soderberg           30     1   2  2  
 3 Tyson Jost               Matt Cullen              Ryan Dzingel             20     1   2  2  
 4 Alexander True           Nicolas Deslauriers      Andrew Cogliano          10     1   2  2  

5 vs 5 Defense 
   Defense                  Defense                                           Time % Phy DF OF 
 1 Radko Gudas              Johnny Boychuk                                    42     1   2  2  
 2 Colin Miller             Michael Stone                                     33     1   2  2  
 3 Andrej Sekera            Nicolas Deslauriers                               25     1   2  2  
 4 Colin Miller             Michael Stone                                     0      1   2  2  

PowerPlay Forward 
   Center                   Left Wing                Right Wing               Time % Phy DF OF 
 1 Carl Soderberg           Ryan Dzingel             Andrew Cogliano          60     1   2  2  
 2 Matt Cullen              Jon Marchessault         Chris Wagner             40     1   2  2  

PowerPlay Defense
   Defense                  Defense                                           Time % Phy DF OF 
 1 Michael Stone            Andrej Sekera                                     60     1   2  2  
 2 Johnny Boychuk           Colin Miller                                      40     1   2  2  

Penalty Kill 4 Players Forward 
   Center                   Wing                     Time % Phy DF OF 
 1 Nick Foligno             Chris Wagner             60     1   2  2  
 2 Ryan Dzingel             Matt Cullen              40     1   2  2  

Penalty Kill 4 Players Defense
   Defense                  Defense                  Time % Phy DF OF 
 1 Michael Stone            Andrej Sekera            60     1   2  2  
 2 Johnny Boychuk           Colin Miller             40     1   2  2  

Penalty Kill - 3 Players Forward 
   Forward                                           Time % Phy DF OF 
 1 Chris Wagner                                      60     1   2  2  
 2 Matt Cullen                                       40     1   2  2  

Penalty Kill - 3 Players Defense
   Defense                  Defense                  Time % Phy DF OF 
 1 Michael Stone            Andrej Sekera            60     1   2  2  
 2 Johnny Boychuk           Colin Miller             40     1   2  2  

4 vs 4 Forward 
   Center                   Wing                     Time % Phy DF OF 
 1 Chris Wagner             Andrew Cogliano          60     1   2  2  
 2 Ryan Dzingel             Matt Cullen              40     1   2  2  

4 vs 4 Defense
   Defense                  Defense                  Time % Phy DF OF 
 1 Michael Stone            Andrej Sekera            60     1   2  2  
 2 Johnny Boychuk           Colin Miller             40     1   2  2  

Last Minutes Offensive
   Center                   Left Wing                Right Wing               Defense                  Defense                  
   Ryan Nugent-Hopkins      Carl Soderberg           Tyler Seguin             Johnny Boychuk           Nicolas Deslauriers      

Last Minutes Defensive
   Center                   Left Wing                Right Wing               Defense                  Defense                  
   Ryan Nugent-Hopkins      Nick Foligno             Andrew Cogliano          Michael Stone            Nicolas Deslauriers      

Goaltenders
Starting : Braden Holtby            
Backup : Jake Oettinger           

Extra Forwards
Normal : Tyson Jost, Andrew Cogliano, Carl Soderberg - PP : Tyson Jost, Andrew Cogliano - PK : Carl Soderberg
Extra Defensemen
Normal : Michael Stone, Andrej Sekera, Colin Miller - PP : Michael Stone - PK : Andrej Sekera, Nicolas Deslauriers
Penalty Shots
Tyler Seguin, Matt Cullen, Andrew Cogliano, Noah Hanifin, Ryan Nugent-Hopkins
Custom OT Lines Forwards
Nick Foligno, Chris Wagner, Ryan Nugent-Hopkins, Matt Cullen, Alexander True, Ryan Dzingel, Tyson Jost, Andrew Cogliano, Tyler Seguin, Carl Soderberg
Custom OT Lines Defensemen
Andrej Sekera, Nicolas Deslauriers, Johnny Boychuk, Colin Miller, Michael Stone

Scratches
Eric Tangradi (Healthy), Mikko Koivu (Separated Left Shoulder Injury)

% Time on Ice - Wild

Lines # - Real PCT - Wanted PCT - Time Play
Normal Forward
1 - 33% - 35% - 14:53
2 - 29% - 35% - 13:16
3 - 20% - 16% - 9:12
4 - 18% - 14% - 8:04
Normal Defense
1 - 40% - 40% - 18:18
2 - 36% - 35% - 16:23
3 - 24% - 25% - 10:44
4 - 0% - 0% - 0:00
PP Forward
1 - 57% - 60% - 4:07
2 - 43% - 40% - 3:03
PP Defense
1 - 50% - 50% - 3:34
2 - 50% - 50% - 3:36
PK Forward
1 - 61% - 55% - 3:40
2 - 39% - 45% - 2:23
PK Defense
1 - 58% - 55% - 3:29
2 - 42% - 45% - 2:34
PK3 Forward
1 - 0% - 60%
2 - 0% - 40%
PK3 Defense
1 - 0% - 60%
2 - 0% - 40%
44 Forward
1 - 93% - 60% - 1:16
2 - 7% - 40% - 0:06
44 Defense
1 - 80% - 60% - 1:06
2 - 20% - 40% - 0:16
Last Minute Offensive  - 0:00
Last Minute Defensive  - 0:00
Total
Forward - 60:00
Defense - 60:00

% Time on Ice - Lightning

Lines # - Real PCT - Wanted PCT - Time Play
Normal Forward
1 - 41% - 40% - 18:29
2 - 29% - 30% - 13:17
3 - 20% - 20% - 9:12
4 - 10% - 10% - 4:27
Normal Defense
1 - 42% - 42% - 19:08
2 - 34% - 33% - 15:24
3 - 24% - 25% - 10:53
4 - 0% - 0% - 0:00
PP Forward
1 - 54% - 60% - 3:16
2 - 46% - 40% - 2:47
PP Defense
1 - 63% - 60% - 3:49
2 - 37% - 40% - 2:14
PK Forward
1 - 75% - 60% - 5:23
2 - 25% - 40% - 1:47
PK Defense
1 - 65% - 60% - 4:41
2 - 35% - 40% - 2:29
PK3 Forward
1 - 0% - 60%
2 - 0% - 40%
PK3 Defense
1 - 0% - 60%
2 - 0% - 40%
44 Forward
1 - 88% - 60% - 1:12
2 - 12% - 40% - 0:10
44 Defense
1 - 88% - 60% - 1:12
2 - 12% - 40% - 0:10
Last Minute Offensive  - 0:00
Last Minute Defensive  - 0:00
Total
Forward - 60:00
Defense - 60:00

Play-by-Play

1st period


0:01 of 1st period - Jack Eichel wins face-off versus Ryan Nugent-Hopkins in neutral zone.
0:08 of 1st period - Slapshot by Tyler Seguin.
0:08 of 1st period - Shot Misses the Net.
0:10 of 1st period - Slapshot by Radko Gudas.
0:10 of 1st period - Shot Misses the Net.
0:12 of 1st period - Snap shot by Nick Foligno.
0:12 of 1st period - Shot Blocked by Ryan Suter.
0:14 of 1st period - Snap shot by Ryan Nugent-Hopkins.
0:14 of 1st period - Shot Blocked by Marc Staal.
0:54 of 1st period - Minor Penalty to Kris Letang for Holding.
0:55 of 1st period - Carl Soderberg wins face-off versus Chris Tierney in Wild zone.
1:10 of 1st period - Wrist shot by Carl Soderberg.
1:10 of 1st period - Shot Misses the Net.
2:29 of 1st period - Icing by Michael Stone.
2:30 of 1st period - Chris Tierney wins face-off versus Matt Cullen in Lightning zone.
2:54 of 1st period - Penalty to Kris Letang is over, Kris Letang is back on ice.
3:01 of 1st period - Wrist shot by Ryan Nugent-Hopkins.
3:01 of 1st period - Shot Misses the Net.
3:03 of 1st period - Slapshot by Johnny Boychuk.
3:03 of 1st period - Shot Misses the Net.
3:05 of 1st period - Slapshot by Johnny Boychuk.
3:05 of 1st period - Deflect By Ryan Suter.
3:05 of 1st period - Lightning goal is going for a video replay.
3:05 of 1st period - The goal is refused. The goalkeeper has been pushed into the net together with the puck after making a save..
3:06 of 1st period - Jack Eichel wins face-off versus Ryan Nugent-Hopkins in Wild zone.
3:33 of 1st period - Radko Gudas is hit by Jordan Greenway and loses puck.
4:27 of 1st period - Wrist shot by Ryan Nugent-Hopkins.
4:27 of 1st period - Stopped by Anton Khudobin with a rebound.
5:17 of 1st period - Jakob Silfverberg is hit by Radko Gudas.
5:33 of 1st period - Tyler Seguin is hit by Adrian Kempe and loses puck.
5:42 of 1st period - Slapshot by Kris Letang.
5:42 of 1st period - Shot Misses the Net.
5:54 of 1st period - Chris Tierney is hit by Johnny Boychuk.
5:58 of 1st period - Snap shot by Chris Tierney.
5:58 of 1st period - Stopped by Braden Holtby with a rebound.
6:14 of 1st period - Ryan Dzingel is hit by Jack Eichel and loses puck.
6:50 of 1st period - Marc Staal is hit by Chris Wagner and loses puck.
6:57 of 1st period - Jon Marchessault is hit by Frank Vatrano and loses puck.
7:15 of 1st period - Kris Letang is hit by Nick Foligno and loses puck.
7:36 of 1st period - Icing by Marc Staal.
7:37 of 1st period - Christian Dvorak wins face-off versus Alexander True in Wild zone.
8:05 of 1st period - Snap shot by Tyler Seguin.
8:05 of 1st period - Deflect By T.J. Oshie.
8:05 of 1st period - Shot Misses the Net.
8:05 of 1st period - Puck is out of play.
8:06 of 1st period - Ryan Nugent-Hopkins wins face-off versus Jack Eichel in Wild zone.
8:33 of 1st period - Jakob Silfverberg is hit by Michael Stone and loses puck.
8:37 of 1st period - Icing by Marc Staal.
8:38 of 1st period - Chris Wagner wins face-off versus Frank Vatrano in Wild zone.
9:34 of 1st period - Radko Gudas is hit by Chris Tierney and loses puck.
9:42 of 1st period - Icing by Johnny Boychuk.
9:43 of 1st period - Christian Dvorak wins face-off versus Tyson Jost in Lightning zone.
9:44 of 1st period - Wrist shot by Adrian Kempe.
9:44 of 1st period - Stopped by Braden Holtby with a rebound.
9:46 of 1st period - Slapshot by Jakob Silfverberg.
9:46 of 1st period - Stopped by Braden Holtby without a rebound.
9:47 of 1st period - Ryan Nugent-Hopkins wins face-off versus Evgeny Kuznetsov in Lightning zone.
10:20 of 1st period - Off-side.
10:21 of 1st period - Jack Eichel wins face-off versus Chris Wagner in neutral zone.
11:12 of 1st period - Snap shot by Chris Tierney.
11:12 of 1st period - Shot Misses the Net.
11:14 of 1st period - Wrist shot by Lawson Crouse.
11:14 of 1st period - Shot Misses the Net.
11:16 of 1st period - Snap shot by Chris Tierney.
11:16 of 1st period - Stopped by Braden Holtby with a rebound.
11:37 of 1st period - Off-side.
11:38 of 1st period - Ryan Nugent-Hopkins wins face-off versus Jakob Silfverberg in neutral zone.
11:49 of 1st period - Slapshot by Ryan Nugent-Hopkins.
11:49 of 1st period - Shot Misses the Net.
11:55 of 1st period - Wrist shot by Ryan Nugent-Hopkins.
11:55 of 1st period - Stopped by Anton Khudobin without a rebound.
11:56 of 1st period - Chris Wagner wins face-off versus Jack Eichel in Wild zone.
12:07 of 1st period - Wrist shot by Carl Soderberg.
12:07 of 1st period - Stopped by Anton Khudobin without a rebound.
12:08 of 1st period - Frank Vatrano wins face-off versus Ryan Nugent-Hopkins in Wild zone.
12:17 of 1st period - Slapshot by Jakob Silfverberg.
12:17 of 1st period - Stopped by Braden Holtby with a rebound.
12:23 of 1st period - Brayden McNabb is hit by Johnny Boychuk and loses puck.
12:34 of 1st period - Chris Wagner is hit by Brad Marchand and loses puck.
12:57 of 1st period - Wrist shot by Christian Dvorak.
12:57 of 1st period - Stopped by Braden Holtby without a rebound.
12:58 of 1st period - Alexander True wins face-off versus Christian Dvorak in Lightning zone.
13:29 of 1st period - Wrist shot by Tyler Seguin.
13:29 of 1st period - Stopped by Anton Khudobin without a rebound.
13:30 of 1st period - Ryan Nugent-Hopkins wins face-off versus Evgeny Kuznetsov in Wild zone.
13:41 of 1st period - Wrist shot by Tyler Seguin.
13:41 of 1st period - Stopped by Anton Khudobin without a rebound.
13:42 of 1st period - Ryan Nugent-Hopkins wins face-off versus Jack Eichel in Wild zone.
13:59 of 1st period - Slapshot by Tyler Seguin.
13:59 of 1st period - Shot Misses the Net.
14:27 of 1st period - Icing by Evgeny Kuznetsov.
14:28 of 1st period - Chris Tierney wins face-off versus Tyson Jost in Wild zone.
14:35 of 1st period - Slapshot by Kris Letang.
14:35 of 1st period - Stopped by Braden Holtby without a rebound.
14:36 of 1st period - Jack Eichel wins face-off versus Ryan Nugent-Hopkins in Lightning zone.
14:42 of 1st period - Minor Penalty to Colin Miller for Hooking.
14:43 of 1st period - Nick Foligno wins face-off versus Jack Eichel in Lightning zone.
14:59 of 1st period - Slapshot by Nick Foligno.
14:59 of 1st period - Shot Blocked by Kris Letang.
16:02 of 1st period - Johnny Boychuk is hit by Ryan Suter and loses puck.
16:42 of 1st period - Penalty to Colin Miller is over, Colin Miller is back on ice.
17:11 of 1st period - Tyson Jost is hit by Marc Staal and loses puck.
18:08 of 1st period - Andrew Cogliano is hit by Samuel Girard.
19:06 of 1st period - Wrist shot by T.J. Oshie.
19:06 of 1st period - Stopped by Braden Holtby without a rebound.
19:07 of 1st period - Chris Tierney wins face-off versus Tyson Jost in Lightning zone.
19:16 of 1st period - Icing by Kris Letang.
19:17 of 1st period - Chris Wagner wins face-off versus Chris Tierney in Wild zone.
19:46 of 1st period - Slapshot by Kris Letang.
19:46 of 1st period - Stopped by Braden Holtby with a rebound.
Goals for this period are 0 for Wild vs 0 for Lightning.
Shots for this period are 9 for Wild vs 6 for Lightning.

2nd period


0:01 of 2nd period - Ryan Nugent-Hopkins wins face-off versus Evgeny Kuznetsov in neutral zone.
0:08 of 2nd period - Wrist shot by Ryan Nugent-Hopkins.
0:08 of 2nd period - Shot Misses the Net.
0:16 of 2nd period - Backhand shot by Frank Vatrano.
0:16 of 2nd period - Shot Misses the Net.
0:26 of 2nd period - Carl Soderberg is hit by Marc Staal and loses puck.
0:49 of 2nd period - Slapshot by William Nylander.
0:49 of 2nd period - Shot Misses the Net.
0:59 of 2nd period - Wrist shot by Jon Marchessault.
0:59 of 2nd period - Stopped by Anton Khudobin with a rebound.
1:01 of 2nd period - Wrist shot by Carl Soderberg.
1:01 of 2nd period - Stopped by Anton Khudobin with a rebound.
1:03 of 2nd period - Snap shot by Chris Wagner.
1:03 of 2nd period - Stopped by Anton Khudobin with a rebound.
1:05 of 2nd period - Wrist shot by Michael Stone.
1:05 of 2nd period - Shot Blocked by Samuel Girard.
1:12 of 2nd period - Slapshot by Colin Miller.
1:12 of 2nd period - Shot Blocked by William Nylander.
1:26 of 2nd period - Snap shot by Jon Marchessault.
1:26 of 2nd period - Shot Misses the Net.
1:28 of 2nd period - Slapshot by Colin Miller.
1:28 of 2nd period - Goal by Colin Miller - Wild : 0 - Lightning : 1.
1:29 of 2nd period - Ryan Nugent-Hopkins wins face-off versus Frank Vatrano in neutral zone.
1:44 of 2nd period - Wrist shot by Tyler Seguin.
1:44 of 2nd period - Stopped by Anton Khudobin with a rebound.
2:05 of 2nd period - Slapshot by T.J. Oshie.
2:05 of 2nd period - Stopped by Braden Holtby without a rebound.
2:06 of 2nd period - Ryan Nugent-Hopkins wins face-off versus Evgeny Kuznetsov in Lightning zone.
2:40 of 2nd period - Ryan Dzingel is hit by T.J. Oshie and loses puck.
2:59 of 2nd period - Slapshot by Jon Marchessault.
2:59 of 2nd period - Shot Blocked by Marc Staal.
3:36 of 2nd period - Wrist shot by Tyler Seguin.
3:36 of 2nd period - Goal by Tyler Seguin - Wild : 0 - Lightning : 2.
3:37 of 2nd period - Evgeny Kuznetsov wins face-off versus Ryan Nugent-Hopkins in neutral zone.
3:42 of 2nd period - Slapshot by Marc Staal.
3:42 of 2nd period - Deflect By Evgeny Kuznetsov.
3:42 of 2nd period - Shot Blocked by Nicolas Deslauriers.
3:42 of 2nd period - Puck is out of play.
3:43 of 2nd period - Evgeny Kuznetsov wins face-off versus Ryan Nugent-Hopkins in Lightning zone.
3:46 of 2nd period - Snap shot by Jakob Silfverberg.
3:46 of 2nd period - Stopped by Braden Holtby without a rebound.
3:47 of 2nd period - Evgeny Kuznetsov wins face-off versus Ryan Nugent-Hopkins in Lightning zone.
3:48 of 2nd period - Snap shot by Jakob Silfverberg.
3:48 of 2nd period - Shot Blocked by Ryan Nugent-Hopkins.
4:02 of 2nd period - Ryan Nugent-Hopkins is hit by Frank Vatrano and loses puck.
4:09 of 2nd period - Snap shot by Tyler Seguin.
4:09 of 2nd period - Deflect By Nick Foligno.
4:09 of 2nd period - Stopped by Anton Khudobin with a rebound.
4:11 of 2nd period - Slapshot by Ryan Nugent-Hopkins.
4:11 of 2nd period - Shot Misses the Net.
4:13 of 2nd period - Slapshot by Nicolas Deslauriers.
4:13 of 2nd period - Deflect By Jakob Silfverberg.
4:13 of 2nd period - Goal by Nicolas Deslauriers - Wild : 0 - Lightning : 3.
4:14 of 2nd period - Tyler Seguin wins face-off versus Jack Eichel in neutral zone.
4:17 of 2nd period - T.J. Oshie is hit by Ryan Nugent-Hopkins and loses puck.
4:48 of 2nd period - Snap shot by Ryan Nugent-Hopkins.
4:48 of 2nd period - Shot Misses the Net.
4:50 of 2nd period - Slapshot by Johnny Boychuk.
4:50 of 2nd period - Shot Blocked by Christian Dvorak.
5:27 of 2nd period - Snap shot by Matt Cullen.
5:27 of 2nd period - Stopped by Anton Khudobin without a rebound.
5:28 of 2nd period - Tyson Jost wins face-off versus Chris Tierney in Wild zone.
5:29 of 2nd period - Wrist shot by Ryan Dzingel.
5:29 of 2nd period - Stopped by Anton Khudobin without a rebound.
5:30 of 2nd period - Jack Eichel wins face-off versus Chris Wagner in Wild zone.
6:10 of 2nd period - Snap shot by Evgeny Kuznetsov.
6:10 of 2nd period - Shot Blocked by Ryan Dzingel.
6:28 of 2nd period - Wrist shot by Tyler Seguin.
6:28 of 2nd period - Shot Misses the Net.
6:50 of 2nd period - Chris Tierney is hit by Alexander True and loses puck.
7:01 of 2nd period - Marc Staal is hit by Chris Wagner and loses puck.
7:22 of 2nd period - Snap shot by T.J. Oshie.
7:22 of 2nd period - Stopped by Braden Holtby with a rebound.
7:24 of 2nd period - Slapshot by Marc Staal.
7:24 of 2nd period - Deflect By T.J. Oshie.
7:24 of 2nd period - Shot Misses the Net.
7:24 of 2nd period - Puck is out of play.
7:25 of 2nd period - Jack Eichel wins face-off versus Tyson Jost in Lightning zone.
7:28 of 2nd period - Snap shot by Brad Marchand.
7:28 of 2nd period - Stopped by Braden Holtby without a rebound.
7:29 of 2nd period - Ryan Nugent-Hopkins wins face-off versus Jack Eichel in Lightning zone.
7:36 of 2nd period - Snap shot by Tyler Seguin.
7:36 of 2nd period - Stopped by Anton Khudobin without a rebound.
7:37 of 2nd period - Jack Eichel wins face-off versus Ryan Nugent-Hopkins in Wild zone.
7:39 of 2nd period - Minor Penalty to Brad Marchand for Hooking.
7:40 of 2nd period - Chris Tierney wins face-off versus Ryan Dzingel in Wild zone.
7:47 of 2nd period - Off-side.
7:48 of 2nd period - Chris Tierney wins face-off versus Carl Soderberg in neutral zone.
8:22 of 2nd period - Wrist shot by Chris Wagner.
8:22 of 2nd period - Stopped by Anton Khudobin with a rebound.
8:24 of 2nd period - Wrist shot by Jon Marchessault.
8:24 of 2nd period - Deflect By Chris Wagner.
8:24 of 2nd period - Shot Misses the Net.
8:24 of 2nd period - Puck is out of play.
8:25 of 2nd period - Chris Tierney wins face-off versus Ryan Dzingel in Wild zone.
8:43 of 2nd period - Brayden McNabb is hit by Johnny Boychuk.
9:33 of 2nd period - Icing by Jon Marchessault.
9:34 of 2nd period - Matt Cullen wins face-off versus Chris Tierney in Lightning zone.
9:39 of 2nd period - Penalty to Brad Marchand is over, Brad Marchand is back on ice.
9:45 of 2nd period - Jakob Silfverberg is hit by Michael Stone and loses puck.
9:56 of 2nd period - Snap shot by Tyler Seguin.
9:56 of 2nd period - Deflect By Ryan Nugent-Hopkins.
9:56 of 2nd period - Shot Misses the Net.
9:56 of 2nd period - Puck is out of play.
9:57 of 2nd period - Ryan Nugent-Hopkins wins face-off versus Brad Marchand in Wild zone.
10:22 of 2nd period - Johnny Boychuk is hit by Kris Letang and loses puck.
11:01 of 2nd period - Snap shot by Ryan Dzingel.
11:01 of 2nd period - Stopped by Anton Khudobin with a rebound.
11:37 of 2nd period - Minor Penalty to Michael Stone for Holding.
11:38 of 2nd period - Jack Eichel wins face-off versus Chris Wagner in Lightning zone.
11:42 of 2nd period - Snap shot by Frank Vatrano.
11:42 of 2nd period - Stopped by Braden Holtby without a rebound.
11:43 of 2nd period - Jack Eichel wins face-off versus Nick Foligno in Lightning zone.
12:01 of 2nd period - Nick Foligno is hit by Ryan Suter.
12:13 of 2nd period - Snap shot by Jack Eichel.
12:13 of 2nd period - Stopped by Braden Holtby without a rebound.
12:14 of 2nd period - Nick Foligno wins face-off versus Evgeny Kuznetsov in Lightning zone.
12:54 of 2nd period - Snap shot by Ryan Dzingel.
12:54 of 2nd period - Stopped by Anton Khudobin without a rebound.
12:55 of 2nd period - Ryan Dzingel wins face-off versus Jack Eichel in Wild zone.
13:22 of 2nd period - Andrej Sekera is hit by Michal Kempny and loses puck.
13:37 of 2nd period - Penalty to Michael Stone is over, Michael Stone is back on ice.
14:01 of 2nd period - Icing by Radko Gudas.
14:02 of 2nd period - Chris Tierney wins face-off versus Ryan Nugent-Hopkins in Lightning zone.
14:09 of 2nd period - Snap shot by Jakob Silfverberg.
14:09 of 2nd period - Stopped by Braden Holtby without a rebound.
14:10 of 2nd period - Evgeny Kuznetsov wins face-off versus Chris Wagner in Lightning zone.
14:11 of 2nd period - Wrist shot by Jakob Silfverberg.
14:11 of 2nd period - Stopped by Braden Holtby without a rebound.
14:12 of 2nd period - Chris Wagner wins face-off versus Evgeny Kuznetsov in Lightning zone.
15:04 of 2nd period - Slapshot by Kris Letang.
15:04 of 2nd period - Stopped by Braden Holtby without a rebound.
15:05 of 2nd period - Jack Eichel wins face-off versus Ryan Nugent-Hopkins in Lightning zone.
15:13 of 2nd period - Minor Penalty to Nick Foligno for High sticking.
15:14 of 2nd period - Carl Soderberg wins face-off versus Frank Vatrano in Lightning zone.
15:41 of 2nd period - Evgeny Kuznetsov is hit by Michael Stone and loses puck.
15:50 of 2nd period - Minor Penalty to Kris Letang for Holding.
15:51 of 2nd period - Jack Eichel wins face-off versus Chris Wagner in Wild zone.
16:36 of 2nd period - Snap shot by Brad Marchand.
16:36 of 2nd period - Goal by Brad Marchand - Wild : 1 - Lightning : 3.
16:37 of 2nd period - Jack Eichel wins face-off versus Chris Wagner in neutral zone.
16:48 of 2nd period - Wrist shot by Andrew Cogliano.
16:48 of 2nd period - Stopped by Anton Khudobin with a rebound.
16:54 of 2nd period - Chris Wagner is hit by Jack Eichel and loses puck.
17:05 of 2nd period - Ryan Suter is hit by Chris Wagner and loses puck.
17:13 of 2nd period - Penalty to Nick Foligno is over, Nick Foligno is back on ice.
17:16 of 2nd period - Snap shot by Nick Foligno.
17:16 of 2nd period - Shot Misses the Net.
17:18 of 2nd period - Wrist shot by Matt Cullen.
17:18 of 2nd period - Goal by Matt Cullen - Wild : 1 - Lightning : 4.
17:19 of 2nd period - Ryan Nugent-Hopkins wins face-off versus Jakob Silfverberg in neutral zone.
17:46 of 2nd period - Radko Gudas is hit by Brad Marchand.
17:47 of 2nd period - Icing by Radko Gudas.
17:48 of 2nd period - Jack Eichel wins face-off versus Chris Wagner in Lightning zone.
17:49 of 2nd period - Snap shot by Brad Marchand.
17:49 of 2nd period - Shot Misses the Net.
17:57 of 2nd period - Slapshot by Jack Eichel.
17:57 of 2nd period - Stopped by Braden Holtby without a rebound.
17:58 of 2nd period - Nick Foligno wins face-off versus Jack Eichel in Lightning zone.
19:12 of 2nd period - Off-side.
19:13 of 2nd period - Christian Dvorak wins face-off versus Alexander True in neutral zone.
19:50 of 2nd period - Wrist shot by Christian Dvorak.
19:50 of 2nd period - Stopped by Braden Holtby without a rebound.
19:51 of 2nd period - Jack Eichel wins face-off versus Nick Foligno in Lightning zone.
Goals for this period are 1 for Wild vs 4 for Lightning.
Shots for this period are 12 for Wild vs 16 for Lightning.

3rd period


0:01 of 3rd period - Jack Eichel wins face-off versus Ryan Nugent-Hopkins in neutral zone.
1:29 of 3rd period - Slapshot by Jack Eichel.
1:29 of 3rd period - Shot Misses the Net.
1:31 of 3rd period - Slapshot by T.J. Oshie.
1:31 of 3rd period - Deflect By Jon Marchessault.
1:31 of 3rd period - Goal by T.J. Oshie - Wild : 2 - Lightning : 4.
1:32 of 3rd period - Ryan Nugent-Hopkins wins face-off versus Evgeny Kuznetsov in neutral zone.
1:34 of 3rd period - Minor Penalty to Radko Gudas for Roughing.
1:35 of 3rd period - Nick Foligno wins face-off versus Jack Eichel in Lightning zone.
2:10 of 3rd period - Wrist shot by T.J. Oshie.
2:10 of 3rd period - Goal by T.J. Oshie - Wild : 3 - Lightning : 4.
2:11 of 3rd period - Tyson Jost wins face-off versus Evgeny Kuznetsov in neutral zone.
2:14 of 3rd period - Snap shot by Tyson Jost.
2:14 of 3rd period - Deflect By Ryan Dzingel.
2:14 of 3rd period - Shot Misses the Net.
2:14 of 3rd period - Puck is out of play.
2:15 of 3rd period - Evgeny Kuznetsov wins face-off versus Tyson Jost in Wild zone.
3:45 of 3rd period - Jakob Silfverberg is hit by Andrej Sekera and loses puck.
4:00 of 3rd period - Snap shot by Brad Marchand.
4:00 of 3rd period - Shot Blocked by Nicolas Deslauriers.
4:02 of 3rd period - Slapshot by Brad Marchand.
4:02 of 3rd period - Shot Blocked by Nick Foligno.
4:04 of 3rd period - Snap shot by Jack Eichel.
4:04 of 3rd period - Stopped by Braden Holtby with a rebound.
4:06 of 3rd period - Snap shot by T.J. Oshie.
4:06 of 3rd period - Stopped by Braden Holtby without a rebound.
4:07 of 3rd period - Brad Marchand wins face-off versus Chris Wagner in Lightning zone.
4:20 of 3rd period - Slapshot by Carl Soderberg.
4:20 of 3rd period - Stopped by Anton Khudobin with a rebound.
4:22 of 3rd period - Wrist shot by Chris Wagner.
4:22 of 3rd period - Shot Blocked by Marc Staal.
4:32 of 3rd period - Tyler Seguin is hit by Frank Vatrano and loses puck.
5:01 of 3rd period - Wrist shot by Chris Tierney.
5:01 of 3rd period - Stopped by Braden Holtby with a rebound.
5:03 of 3rd period - Slapshot by Marc Staal.
5:03 of 3rd period - Deflect By Chris Tierney.
5:03 of 3rd period - Goal by Chris Tierney - Wild : 4 - Lightning : 4.
5:04 of 3rd period - Tyler Seguin wins face-off versus Jack Eichel in neutral zone.
5:17 of 3rd period - Slapshot by Jack Eichel.
5:17 of 3rd period - Shot Blocked by Michael Stone.
5:32 of 3rd period - Minor Penalty to Colin Miller for Roughing.
5:33 of 3rd period - Frank Vatrano wins face-off versus Nick Foligno in Lightning zone.
5:40 of 3rd period - Snap shot by Brad Marchand.
5:40 of 3rd period - Shot Misses the Net.
5:42 of 3rd period - Snap shot by Brad Marchand.
5:42 of 3rd period - Shot Blocked by Michael Stone.
5:44 of 3rd period - Slapshot by Brad Marchand.
5:44 of 3rd period - Shot Misses the Net.
5:46 of 3rd period - Snap shot by Jack Eichel.
5:46 of 3rd period - Stopped by Braden Holtby with a rebound.
5:48 of 3rd period - Wrist shot by Frank Vatrano.
5:48 of 3rd period - Stopped by Braden Holtby with a rebound.
5:50 of 3rd period - Snap shot by Brad Marchand.
5:50 of 3rd period - Shot Misses the Net.
6:11 of 3rd period - Off-side.
6:12 of 3rd period - Jack Eichel wins face-off versus Nick Foligno in neutral zone.
7:12 of 3rd period - Andrej Sekera is hit by Brad Marchand and loses puck.
7:32 of 3rd period - Penalty to Colin Miller is over, Colin Miller is back on ice.
7:45 of 3rd period - Icing by Chris Tierney.
7:46 of 3rd period - Alexander True wins face-off versus Chris Tierney in Wild zone.
7:53 of 3rd period - Slapshot by Tyson Jost.
7:53 of 3rd period - Shot Blocked by Ryan Suter.
7:55 of 3rd period - Minor Penalty to Kris Letang for Hooking.
7:56 of 3rd period - Carl Soderberg wins face-off versus Chris Tierney in Wild zone.
8:28 of 3rd period - Snap shot by Lawson Crouse.
8:28 of 3rd period - Shot Misses the Net.
9:12 of 3rd period - Chris Tierney is hit by Chris Wagner and loses puck.
9:55 of 3rd period - Penalty to Kris Letang is over, Kris Letang is back on ice.
11:20 of 3rd period - Chris Wagner is hit by Evgeny Kuznetsov and loses puck.
11:47 of 3rd period - Alexander True is hit by Adrian Kempe and loses puck.
12:26 of 3rd period - Snap shot by Chris Tierney.
12:26 of 3rd period - Shot Blocked by Noah Hanifin.
12:43 of 3rd period - Chris Wagner is hit by Samuel Girard and loses puck.
13:07 of 3rd period - Michael Stone is hit by Brayden McNabb and loses puck.
13:31 of 3rd period - Nicolas Deslauriers is hit by Michal Kempny and loses puck.
13:48 of 3rd period - Jordan Greenway is hit by Carl Soderberg and loses puck.
14:01 of 3rd period - Johnny Boychuk is hit by Frank Vatrano and loses puck.
14:31 of 3rd period - Matt Cullen is hit by Christian Dvorak and loses puck.
14:36 of 3rd period - Slapshot by Kris Letang.
14:36 of 3rd period - Shot Hit the Post.
14:46 of 3rd period - Adrian Kempe is hit by Michael Stone and loses puck.
15:25 of 3rd period - Jon Marchessault is hit by Brad Marchand and loses puck.
15:52 of 3rd period - Snap shot by Jon Marchessault.
15:52 of 3rd period - Stopped by Anton Khudobin with a rebound.
15:54 of 3rd period - Snap shot by Nicolas Deslauriers.
15:54 of 3rd period - Stopped by Anton Khudobin without a rebound.
15:55 of 3rd period - Evgeny Kuznetsov wins face-off versus Ryan Nugent-Hopkins in Wild zone.
16:04 of 3rd period - Radko Gudas is hit by Evgeny Kuznetsov and loses puck.
17:13 of 3rd period - Wrist shot by Adrian Kempe.
17:13 of 3rd period - Shot Blocked by Tyson Jost.
17:52 of 3rd period - Backhand shot by Brad Marchand.
17:52 of 3rd period - Stopped by Braden Holtby with a rebound.
18:02 of 3rd period - Nick Foligno is hit by Frank Vatrano and loses puck.
18:09 of 3rd period - Evgeny Kuznetsov is hit by Tyler Seguin and loses puck.
18:53 of 3rd period - Chris Wagner is hit by Jack Eichel and loses puck.
19:11 of 3rd period - Icing by T.J. Oshie.
19:12 of 3rd period - Jack Eichel wins face-off versus Ryan Nugent-Hopkins in Wild zone.
19:12 of 3rd period - Jack Eichel is hit by Andrew Cogliano.
19:37 of 3rd period - Kris Letang is hit by Carl Soderberg.
19:47 of 3rd period - Wrist shot by Frank Vatrano.
19:47 of 3rd period - Shot Blocked by Johnny Boychuk.
19:53 of 3rd period - Brayden McNabb is hit by Radko Gudas and loses puck.
Goals for this period are 3 for Wild vs 0 for Lightning.
Shots for this period are 9 for Wild vs 3 for Lightning.

Overtime #1


0:01 of 1st overtime period - Nick Foligno wins face-off versus Jack Eichel in neutral zone.
0:06 of 1st overtime period - Snap shot by Nick Foligno.
0:06 of 1st overtime period - Shot Misses the Net.
0:50 of 1st overtime period - Slapshot by Nicolas Deslauriers.
0:50 of 1st overtime period - Shot Blocked by Ryan Suter.
1:00 of 1st overtime period - Wrist shot by Jakob Silfverberg.
1:00 of 1st overtime period - Stopped by Braden Holtby with a rebound.
1:02 of 1st overtime period - Wrist shot by Chris Tierney.
1:02 of 1st overtime period - Stopped by Braden Holtby without a rebound.
1:03 of 1st overtime period - Nick Foligno wins face-off versus Jack Eichel in Lightning zone.
1:10 of 1st overtime period - Wrist shot by Chris Wagner.
1:10 of 1st overtime period - Stopped by Anton Khudobin with a rebound.
1:12 of 1st overtime period - Wrist shot by Chris Wagner.
1:12 of 1st overtime period - Stopped by Anton Khudobin with a rebound.
1:14 of 1st overtime period - Snap shot by Nick Foligno.
1:14 of 1st overtime period - Stopped by Anton Khudobin without a rebound.
1:15 of 1st overtime period - Jack Eichel wins face-off versus Nick Foligno in Wild zone.
1:27 of 1st overtime period - Wrist shot by Chris Wagner.
1:27 of 1st overtime period - Shot Misses the Net.
1:46 of 1st overtime period - Evgeny Kuznetsov is hit by Matt Cullen and loses puck.
2:00 of 1st overtime period - Icing by Marc Staal.
2:01 of 1st overtime period - Nick Foligno wins face-off versus Evgeny Kuznetsov in Wild zone.
2:04 of 1st overtime period - Snap shot by Chris Wagner.
2:04 of 1st overtime period - Deflect By Nick Foligno.
2:04 of 1st overtime period - Stopped by Anton Khudobin with a rebound.
2:19 of 1st overtime period - Slapshot by Evgeny Kuznetsov.
2:19 of 1st overtime period - Stopped by Braden Holtby with a rebound.
2:21 of 1st overtime period - Snap shot by T.J. Oshie.
2:21 of 1st overtime period - Stopped by Braden Holtby with a rebound.
2:23 of 1st overtime period - Snap shot by T.J. Oshie.
2:23 of 1st overtime period - Stopped by Braden Holtby with a rebound.
2:25 of 1st overtime period - Snap shot by Evgeny Kuznetsov.
2:25 of 1st overtime period - Shot Misses the Net.
2:27 of 1st overtime period - Snap shot by Evgeny Kuznetsov.
2:27 of 1st overtime period - Shot Misses the Net.
2:29 of 1st overtime period - Slapshot by T.J. Oshie.
2:29 of 1st overtime period - Deflect By Evgeny Kuznetsov.
2:29 of 1st overtime period - Shot Misses the Net.
2:29 of 1st overtime period - Puck is out of play.
2:30 of 1st overtime period - Jack Eichel wins face-off versus Ryan Nugent-Hopkins in Lightning zone.
2:37 of 1st overtime period - Snap shot by Brad Marchand.
2:37 of 1st overtime period - Shot Blocked by Nick Foligno.
2:39 of 1st overtime period - Snap shot by Brad Marchand.
2:39 of 1st overtime period - Stopped by Braden Holtby with a rebound.
2:41 of 1st overtime period - Snap shot by Ryan Suter.
2:41 of 1st overtime period - Shot Misses the Net.
2:43 of 1st overtime period - Wrist shot by Brad Marchand.
2:43 of 1st overtime period - Shot Misses the Net.
2:45 of 1st overtime period - Wrist shot by Jack Eichel.
2:45 of 1st overtime period - Shot Blocked by Andrej Sekera.
2:47 of 1st overtime period - Snap shot by Brad Marchand.
2:47 of 1st overtime period - Stopped by Braden Holtby without a rebound.
2:48 of 1st overtime period - Ryan Nugent-Hopkins wins face-off versus Jack Eichel in Lightning zone.
4:23 of 1st overtime period - Jakob Silfverberg is hit by Andrej Sekera and loses puck.
Goals for this period are 0 for Wild vs 0 for Lightning.
Shots for this period are 7 for Wild vs 4 for Lightning.

ShootOut


5:00 of 1st overtime period - Round #1.
5:00 of 1st overtime period - Wild, Jack Eichel.
5:00 of 1st overtime period - Snap shot by Jack Eichel.
5:00 of 1st overtime period - Stopped by Braden Holtby.
5:00 of 1st overtime period - Lightning, Tyler Seguin.
5:00 of 1st overtime period - Deke by Tyler Seguin.
5:00 of 1st overtime period - Stopped by Anton Khudobin.
5:00 of 1st overtime period - Round #2.
5:00 of 1st overtime period - Wild, Brad Marchand.
5:00 of 1st overtime period - Snap shot by Brad Marchand.
5:00 of 1st overtime period - Stopped by Braden Holtby.
5:00 of 1st overtime period - Lightning, Matt Cullen.
5:00 of 1st overtime period - Snap shot by Matt Cullen.
5:00 of 1st overtime period - Goal by Matt Cullen.
5:00 of 1st overtime period - Round #3.
5:00 of 1st overtime period - Wild, Evgeny Kuznetsov.
5:00 of 1st overtime period - Backhand shot by Evgeny Kuznetsov.
5:00 of 1st overtime period - Goal by Evgeny Kuznetsov.
5:00 of 1st overtime period - Lightning, Andrew Cogliano.
5:00 of 1st overtime period - Backhand shot by Andrew Cogliano.
5:00 of 1st overtime period - Goal by Andrew Cogliano.